 Dungeon Crawl Stone Soup version 0.28.0-45-g0d030f2227 (webtiles) character file.

Game seed: 10856855383786647575

172 issech the Cudgeller (level 5, -3/53 HPs)
             Began as a Troll Monk on Apr 13, 2022.
             Slain by a scorpion (7 damage)
             ... on level 3 of the Dungeon.
             The game lasted 00:08:50 (2827 turns).

issech the Cudgeller (Troll Monk)                   Turns: 2827, Time: 00:08:51

Health: -3/53      AC:  2    Str: 19    XL:     5   Next: 27%
Magic:  0/4        EV: 10    Int:  6    God:
Gold:   103        SH:  0    Dex: 14    Spells: 4/4 levels left

rFire   . . .      SeeInvis +   m - +0 flail
rCold   . . .      Faith    .   (no shield)
rNeg    . . .      Spirit   +   (armour restricted)
rPois   .          Reflect  .   (helmet restricted)
rElec   .          Harm     .   (no cloak)
rCorr   .          Rampage  .   (gloves unavailable)
Will    .....                   (boots unavailable)
Stlth   ++........              i - amulet of guardian spirit
HPRegen 0.97/turn               n - ring of see invisible
MPRegen 0.09/turn               (no ring)

@: no status effects
A: large, unfitting armour, claws 3, regeneration 1, shaggy fur 1, tough skin 1
a: no special abilities


You were on level 3 of the Dungeon.
You visited 1 branch of the dungeon, and saw 4 of its levels.

You collected 103 gold pieces.

Inventory:

Hand Weapons
 a - a +0 mace
 d - a +0 hunting sling
 m - a +0 flail (weapon)
Missiles
 f - 3 poisoned darts
 h - 5 boomerangs (quivered)
 l - 59 stones
 q - 27 bolts
Armour
 b - a +0 robe
 r - a +0 animal skin
Jewellery
 i - an amulet of guardian spirit (around neck)
 j - a ring of ice
 n - a ring of see invisible (left claw)
Wands
 s - a wand of polymorph (7)
Scrolls
 e - a scroll of identify {unknown}
 k - 3 scrolls of teleportation {unknown}
 o - a scroll of enchant weapon {unknown}
 p - a scroll of enchant armour {unknown}
Potions
 c - 3 potions of curing {unknown}
 g - a potion of mutation {unknown}
 t - a potion of cancellation {unknown}


   Skills:
 + Level 3.0 Fighting
 + Level 3.6 Maces & Flails
 + Level 2.0 Throwing
 + Level 3.2 Dodging
 + Level 1.2 Stealth


You had 4 spell levels left.
You didn't know any spells.
Your spell library contained the following spells:

 Spells                   Type           Power      Damage    Failure   Level
 Animate Skeleton         Necr           0%         N/A       45%         1
 Pain                     Necr           0%         1d4       45%         1
 Ensorcelled Hibernation  Hex/Ice        0%         N/A       58%         2
 Passwall                 Tmut/Erth      0%         N/A       58%         2
 Dazzling Flash           Conj/Hex       0%         N/A       83%         3
 Swiftness                Air            0%         N/A       83%         3
 Vampiric Draining        Necr           0%         2d6       83%         3
 Agony                    Necr           0%         N/A       100%        5
 Silence                  Hex/Air        0%         N/A       100%        5


Dungeon Overview and Level Annotations

Branches:
Dungeon (4/15)
 Temple: D:4-7

Altars:
Xom

Annotations:
D:3 Sigmund


Innate Abilities, Weirdness & Mutations

You are too large for most types of armour.
You have claws for hands.
Your natural rate of healing is unusually fast.
You are covered in fur. (AC +1)
You have tough skin. (AC +1)


Message History

The scorpion stings you!
You hit the scorpion but do no damage.
The scorpion is severely wounded.
The scorpion stings you! x2
* * * LOW HITPOINT WARNING * * *
The scorpion stings you.
* * * LOW HITPOINT WARNING * * *
The scorpion stings you.
* * * LOW HITPOINT WARNING * * *
You are poisoned.
The scorpion poisons you!
You feel very sick.
You feel sick.
You feel sick.
You feel sick.
You feel sick.
The scorpion stings you but does no damage.
You feel sick.
You feel sick.
You feel sick.
You feel sick.
You are no longer poisoned.
The scorpion stings you but does no damage.
The scorpion stings you!
* * * LOW HITPOINT WARNING * * *
You are poisoned.
The scorpion poisons you!
You feel very sick.
You feel sick.
You feel sick.
You feel sick.
You feel sick. The scorpion stings you.
* * * LOW HITPOINT WARNING * * *
There is a stone staircase leading up here.
You feel sick.
You feel sick.
You feel sick.
You are no longer poisoned.
The scorpion stings you!
You die...

#.# #.#.##................. #.#
#.#.##...######.####### #.#
#.#.##.#......#.#...... #####.#
#.#.##...####.#.#.####. ......#
#...<....#....#.#....#. #####.###
######...#.####.####.#. .######.#
#.#.#...........#. ##♣P≈##.#####
#s#.#############. ≈♣#♣♣≈'.....#
#@#............... ♣≈♣#♣≈#.###.#
#.########.####..#
#♣≈♣≈♣#####.####.########.#####.#
♣≈††♣#♣#................#.......<
≈♣≈♣# ≈#########..###.#.#######.#
♣#♣≈♣♣≈# #..# #...........# #♣≈P#
#..####..†.......) ##'###
#........#.####### #....#
#.#####...##


You could see a scorpion.

Vanquished Creatures
  A howler monkey zombie (D:3)
  Robin (D:3)
  3 gnolls (D:2)
  5 adders
  An ufetubus (D:4)
  3 worms
  3 dart slugs (D:2)
  5 ball pythons
  8 bats
  6 endoplasms
  A giant cockroach (D:2)
  10 goblins
  3 hobgoblins (D:3)
  A quokka (D:2)
  3 kobolds
  5 rats
59 creatures vanquished.

Notes
Turn   | Place    | Note
-------+----------+-------------------------------------------
     0 | D:1      | issech the Troll Monk began the quest for the Orb.
     0 | D:1      | Reached XP level 1. HP: 22/22 MP: 0/0
   629 | D:1      | Reached XP level 2. HP: 27/29 MP: 1/1
  1049 | D:2      | Found a faded altar of an unknown god.
  1156 | D:2      | Reached XP level 3. HP: 26/36 MP: 2/2
  1393 | D:2      | Reached XP level 4. HP: 8/45 MP: 1/3
  2000 | D:3      | Noticed Robin
  2024 | D:3      | Killed Robin
  2029 | D:3      | Reached skill level 1 in Throwing
  2117 | D:3      | Found a shimmering altar of Xom.
  2250 | D:3      | Reached XP level 5. HP: 53/53 MP: 4/4
  2671 | D:3      | Noticed Sigmund
  2822 | D:3      | HP: 2/53 [scorpion (2)]
  2827 | D:3      | Slain by a scorpion

Illustrated notes

Levels and vault maps discovered:
D:1:      psy_arrival_conway, layout_basic
D:2:      layout_basic, shapermc_ecumenical_altar_venn
D:3:      layout_loops_ring, mainiacjoe_overflow_tiny_flanked,
          trog_butcher_becter, roderic_lattice_a, saegor_snake_ambush,
          uniq_robin, uniq_crazy_yiuf_cottage, uniq_sigmund
D:4:      layout_loops_corners, nicolae_uskayaw_en_pointe

Skill      XL: |  1  2  3  4  5 |
---------------+----------------+-----
Maces & Flails | 3 |  3.6
Dodging        | 3 |  3.2
Fighting       | 3 |  3.0
Throwing       | 1 2 |  2.0
Stealth        | |  1.2

Action                   |  1- 3 |  4- 6 || total
-------------------------+-------+-------++-------
Melee: Mace              |    46 |       ||    46
       Punch             |     1 |     2 ||     3
       Flail             |    45 |    51 ||    96
Throw: Boomerang         |     6 |    98 ||   104
Armor: Robe              |    52 |     7 ||    59
       Skin              |       |    39 ||    39
Dodge: Dodged            |    70 |    56 ||   126
